 Dungeon Crawl Stone Soup version 0.30-a0-311-gf115ab0292 (webtiles) character file.

Game seed: 12534769657534634623

4060 avis the Cleaver (level 10, -11/91 HPs)
             Began as a Hill Orc Monk on Oct 25, 2022.
             Was a Believer of Beogh.
             Mangled by an orc warrior
             ... wielding a +2 glaive of venom
              (14 damage)
             ... on level 7 of the Dungeon.
             The game lasted 00:50:20 (8388 turns).

avis the Cleaver (Hill Orc Monk)                    Turns: 8388, Time: 00:50:25

Health: -11/91     AC:  1    Str: 19    XL:     10   Next: 25%
Magic:  14/14      EV:  7    Int: 10    God:    Beogh [**....]
Gold:   110        SH:  0    Dex: 13    Spells: 9/9 levels left

rFire   . . .      SeeInvis .    a - +0 war axe
rCold   + . .      Faith    .    A - +0 buckler
rNeg    . . .      Spirit   .    K - +0 chain mail
rPois   +          Reflect  .    h - +2 helmet
rElec   .          Harm     .    s - scarf {shadows}
rCorr   .          Rampage  .    (no gloves)
Will    .....                    t - +0 pair of boots
Stlth   ..........               (no amulet)
HPRegen 0.35/turn                g - ring of poison resistance
MPRegen 0.14/turn                p - ring of protection from cold

@: confused, lethally poisoned (-11 -> -38), ambrosia-drunk, corroded
A: no striking features
a: Renounce Religion, Smiting


You were on level 7 of the Dungeon.
You worshipped Beogh.
Beogh was pleased with you.
You visited 2 branches of the dungeon, and saw 9 of its levels.

You collected 396 gold pieces.
You spent 286 gold pieces at shops.

Inventory:

Hand Weapons
 a - a +0 war axe (weapon)
 b - a +0 sling
 l - a +1 demon whip of venom
 w - a +1 morningstar of protection
 y - a +0 shortbow
 I - a +0 glaive
Missiles
 o - 2 javelins (quivered)
 u - 2 throwing nets
 D - 8 poisoned darts
 M - 3 boomerangs
Armour
 h - a +2 helmet (worn)
 n - a +0 plate armour
 s - a scarf of shadows (worn)
 t - a +0 pair of boots (worn)
 A - a +0 buckler (worn)
 K - a +0 chain mail (worn)
Jewellery
 g - a ring of poison resistance (left hand)
 p - a ring of protection from cold (right hand)
 E - a +6 ring of dexterity
Scrolls
 d - a scroll of silence
 j - 4 scrolls of blinking
 k - a scroll of summoning
 m - a scroll of enchant weapon {unknown}
 r - 2 scrolls of teleportation
 v - a scroll of fear
 x - 2 scrolls of magic mapping {unknown}
 F - a scroll of amnesia {unknown}
 G - a scroll of poison
Potions
 c - a potion of ambrosia
 e - a potion of flight
 f - a potion of lignification
 i - 2 potions of berserk rage
 z - a potion of cancellation
 B - a potion of brilliance


   Skills:
 + Level 9.3 Fighting
 * Level 13.6 Axes
 + Level 3.9 Armour
 - Level 2.4 Dodging
 - Level 1.5 Stealth
 - Level 4.0 Shields
 + Level 6.6 Invocations


You had 9 spell levels left.
You didn't know any spells.
Your spell library contained the following spells:

 Spells                   Type           Power      Damage    Failure   Level
 Apportation              Tloc           0%         N/A       99%         1
 Freeze                   Ice            0%         1d3       99%         1
 Shock                    Conj/Air       0%         1d3       99%         1
 Summon Small Mammal      Summ           0%         N/A       99%         1
 Call Canine Familiar     Summ           0%         N/A       100%        3
 Frozen Ramparts          Ice            0%         1d1       100%        3
 Hailstorm                Conj/Ice       0%         3d3       100%        3
 Summon Guardian Golem    Hex/Summ       0%         N/A       100%        3
 Swiftness                Air            0%         N/A       100%        3
 Airstrike                Air            0%         2d(0-16)  100%        4
 Alistair's Intoxication  Tmut/Pois      0%         N/A       100%        5


Dungeon Overview and Level Annotations

Branches:
Dungeon (8/15)             Temple (1/1) D:5
   Lair: D:8-11

Altars:
Ashenzari
Dithmenos
Nemelex Xobeh
Ru
Trog
Uskayaw
Xom
Yredelemnul
The Shining One

Shops:
D:5 **   D:6 *(!*(

Annotations:
D:3 1 runed translucent door, Darkkill's ghost, amateur MiHu
D:4 4 runed translucent doors, exclusion: door, Crazy Yiuf; osoart's ghost, amateur DsNe


Message History

The orc warrior hits you with a +0 scimitar!
The orc warrior hits you with a +2 glaive of venom!
You are poisoned.
Your orc priest closely misses the rust devil.
Your orc warrior hits the orc warrior with a +0 morningstar.
The orc warrior dies!
Beogh accepts your kill.
You feel better. The rust devil hits you. The rust devil corrodes you!
You block the orc warrior's attack.
The rust devil barely misses your orc priest.
Your orc priest closely misses the rust devil.
You hit the orc warrior but do no damage.
The orc warrior is lightly wounded.
You hit the rust devil but do no damage.
The rust devil barely misses you.
The orc warrior hits you with a +2 glaive of venom!
You are poisoned.
The rust devil hits your orc priest.
Your orc priest seems to be corroded for longer.
Your orc priest hits the rust devil but does no damage.
Your orc warrior closely misses the rust devil.
You hit the orc warrior but do no damage.
The orc warrior is lightly wounded.
You hit the rust devil but do no damage.
You feel sick. The rust devil hits you!
* * * LOW HITPOINT WARNING * * *
The rust devil corrodes you! The rust devil hits your orc priest.
Your orc priest seems to be corroded for longer.
The orc warrior hits you with a +2 glaive of venom!!
* * * LOW HITPOINT WARNING * * *
You are more poisoned.
You are confused.
You feel invigorated.
* * * LOW HITPOINT WARNING * * *
You feel extremely sick.
Your orc priest closely misses the rust devil.
Your orc warrior hits the rust devil with a +0 morningstar.
The orc warrior hits you with a +2 glaive of venom!
You die...
Beogh appreciates the orc warrior's killing of a heretic priest.

........#.##..#.##............##
.......#####.....###....#......##
.........##.......####..##.......
.........#...###...###...##.....#
...........### ###.............#.
..........##)#+#)##..###.>....#..
..........#♣.....♣#..###...#..#..
.........##.....o.##.....###....#
.........#∩...84@.>#.....####...#
##.#.....##....oo.##.......######
..........#♣...4.♣#...##..## ####
..##.##.#.##)#+#)##...###..###...
..#..##.#..### ###o..## #..#.#..#
..#..##.#....###.o..## #........
......#.##..ooooo...### #........
......#..#.....##.....###........
...o..#......#.#####......#..o...


You could see 2 rust devils, an orc warrior, a friendly orc warrior and a
friendly orc priest (corroded).

Vanquished Creatures
  Amaemon (D:8)
  An orange demon (D:8)
  Grinder (D:4)
  Eustachio (D:5)
  Edmund (D:5)
  Duvessa (D:5)
  A water moccasin (D:5)
  2 orc warriors (D:6)
  3 black bears
  An ice beast (D:5)
  A centaur (D:7)
  A phantom (D:4)
  5 bullfrogs
  2 kobold brigands (D:7)
  3 scorpions
  2 necrophages
  Dowan (D:5)
  5 killer bees (D:6)
  A jelly (D:5)
  3 hounds
  An orc priest (D:7)
  Jessica (D:3)
  2 gnoll boudas (D:5)
  4 iguanas
  3 orc wizards
  Robin (D:3)
  8 adders
  12 gnolls
  A white imp (D:5)
  An ufetubus (D:5)
  2 worms (D:2)
  16 orcs
  7 ball pythons
  8 endoplasms
  3 giant cockroaches
  13 goblins
  9 hobgoblins
  12 kobolds
  3 quokkas
  11 bats
  2 frilled lizards
  3 rats
160 creatures vanquished.

Vanquished Creatures (collateral kills)
  An orc warrior (D:7)
  2 phantoms (D:7)
  A shadow imp (D:7)
  A white imp (D:7)
  A kobold (D:7)
6 creatures vanquished.

Vanquished Creatures (others)
  An orc priest (D:5)
  2 orcs (D:5)
  2 fungi (D:4)
  2 plants (D:4)
7 creatures vanquished.

Grand Total: 173 creatures vanquished

Notes
Turn   | Place    | Note
-------+----------+-------------------------------------------
     0 | D:1      | avis the Hill Orc Monk began the quest for the Orb.
     0 | D:1      | Reached XP level 1. HP: 19/19 MP: 1/1
   125 | D:1      | Reached XP level 2. HP: 27/27 MP: 2/2
   494 | D:1      | Found a faded altar of an unknown god.
   509 | D:1      | Reached skill level 5 in Axes
   801 | D:2      | Reached XP level 3. HP: 32/33 MP: 3/3
  1841 | D:3      | Reached XP level 4. HP: 41/41 MP: 4/4
  1871 | D:3      | Found a runed translucent door.
  1873 | D:3      | Noticed Darkkill's ghost (amateur MiHu)
  1891 | D:3      | Noticed Jessica
  1898 | D:3      | Killed Jessica
  1899 | D:3      | Reached skill level 6 in Axes
  2066 | D:3      | Noticed Robin
  2088 | D:3      | Killed Robin
  2093 | D:3      | Reached XP level 5. HP: 30/47 MP: 5/5
  2113 | D:3      | Found a glowing golden altar of the Shining One.
  2113 | D:3      | Found a hide-covered altar of Uskayaw.
  2114 | D:3      | Found a sacrificial altar of Ru.
  2161 | D:3      | Found a broken altar of Ashenzari.
  2288 | D:3      | Reached skill level 5 in Fighting
  2563 | D:3      | Found a sparkling altar of Nemelex Xobeh.
  2743 | D:4      | Reached skill level 7 in Axes
  2853 | D:4      | Noticed Grinder
  2872 | D:4      | Killed Grinder
  2873 | D:4      | Reached skill level 8 in Axes
  2873 | D:4      | Reached XP level 6. HP: 57/57 MP: 6/6
  3027 | D:4      | Reached XP level 7. HP: 61/63 MP: 7/7
  3077 | D:4      | Found a bloodstained altar of Trog.
  3116 | D:4      | Found a runed translucent gate.
  3116 | D:4      | Found a runed translucent gate.
  3116 | D:4      | Noticed osoart's ghost (amateur DsNe)
  3118 | D:4      | Found a runed translucent gate.
  3137 | D:4      | Reached skill level 1 in Shields
  3616 | D:4      | Found a runed translucent door.
  3617 | D:4      | Noticed Crazy Yiuf
  3821 | D:5      | Entered Level 5 of the Dungeon
  3842 | D:5      | Reached skill level 9 in Axes
  3908 | D:5      | Noticed Edmund
  4021 | D:5      | Killed Edmund
  4163 | D:5      | Reached XP level 8. HP: 67/71 MP: 8/8
  4186 | D:5      | Became a worshipper of Beogh the Brigand
  4186 | D:5      | Reached * piety under Beogh
  4186 | D:5      | Reached ** piety under Beogh
  4212 | D:5      | Reached skill level 10 in Axes
  4245 | D:5      | Found a basalt altar of Yredelemnul.
  4383 | D:5      | Found a staircase to the Ecumenical Temple.
  4391 | Temple   | Entered the Ecumenical Temple
  4416 | D:5      | Noticed Dowan
  4417 | D:5      | Noticed Duvessa
  4433 | D:5      | Killed Dowan
  4434 | D:5      | Reached skill level 1 in Invocations
  4438 | D:5      | Killed Duvessa
  4752 | D:5      | Found Deofify's General Store.
  4753 | D:5      | Found Pifoniaz's Specific Store.
  4757 | D:5      | Bought a +0 war axe for 35 gold pieces
  4757 | D:5      | Bought a scroll of identify for 20 gold pieces
  4757 | D:5      | Bought a scroll of poison for 40 gold pieces
  4757 | D:5      | Bought a potion of heal wounds for 50 gold pieces
  4757 | D:5      | Bought a scroll of blinking for 75 gold pieces
  4778 | D:5      | Noticed Eustachio
  4805 | D:5      | Killed Eustachio
  5370 | D:6      | Found Likiqikoti's General Store.
  5398 | D:5      | Reached skill level 11 in Axes
  5650 | D:6      | Found Datuirun's Distillery.
  5653 | D:6      | Bought a potion of flight for 33 gold pieces
  5653 | D:6      | Bought a potion of lignification for 33 gold pieces
  5656 | D:6      | Found Baddio's Weapon Emporium.
  5937 | D:5      | Reached XP level 9. HP: 77/80 MP: 11/11
  6546 | D:6      | Reached skill level 12 in Axes
  6624 | D:6      | Found Beiskocwoi's Assorted Antiques.
  6706 | D:6      | Reached skill level 1 in Armour
  6758 | D:6      | Found Duaduc's Weapon Emporium.
  7035 | D:7      | Reached skill level 5 in Invocations
  7477 | D:6      | Reached *** piety under Beogh
  7842 | D:7      | Reached skill level 13 in Axes
  8130 | D:8      | Noticed Amaemon
  8130 | D:8      | Noticed an orange demon
  8144 | D:8      | Killed Amaemon
  8145 | D:8      | Reached XP level 10. HP: 38/91 MP: 4/14
  8158 | D:8      | Killed an orange demon
  8379 | D:7      | Noticed a rust devil
  8379 | D:7      | Noticed a rust devil
  8388 | D:7      | HP: 3/91 [poisoned by an orc warrior]
  8388 | D:7      | Mangled by an orc warrior

Illustrated notes

Levels and vault maps discovered:
D:1:      lightli_arrival_farm, layout_basic, ebering_ecumenical_altar_webs
D:2:      layout_loops_cross
D:3:      layout_loops_ring, nicolae_overflow_quartered_altars,
          nemelex_diamond_rough_becter, ebering_ghost_sewer_d, uniq_robin,
          uniq_jessica
D:4:      layout_basic, mainiacjoe_overflow_paths,
          gammafunk_ghost_nasty_kobolds, uniq_grinder, uniq_crazy_yiuf_cottage
D:5:      layout_loops_ring, yredelemnul_altar_generic,
          minmay_temple_entry_tees, nicolae_specific_store,
          minmay_misc_feat_pillars, uniq_duvessa, uniq_eustachio, uniq_edmund
D:6:      layout_cave_pools, serial_shops, kennysheep_mini_moat,
          nicolae_stop_n_shop_2, nicolae_shop_bloodbath_and_beyond,
          nicolae_shop_hallway_plus, nicolae_shop_stone
D:7:      cheibrodos_iron_armory, layout_cave_pools
D:8:      layout_loops_cross, hangedman_decor_peaks_small, uniq_amaemon
Temple:   nicolae_temple_bog_church

Skill      XL: |  1  2  3  4  5  6  7  8  9 |
---------------+----------------------------+-----
Fighting       | 4 5 6 7 9 |  9.3
Axes           | 5 6 8 9 11 13 | 13.6
Shields        | 2 4 |  4.0
Invocations    | 3 6 |  6.6
Armour         | 3 |  3.9
Dodging        | |  2.4
Stealth        | |  1.5

Action                   |  1- 3 |  4- 6 |  7- 9 | 10-12 || total
-------------------------+-------+-------+-------+-------++-------
Melee: Hand axe          |   148 |    87 |   125 |       ||   360
       Punch             |     2 |       |       |       ||     2
       Falchion          |       |     5 |       |       ||     5
       War axe           |       |       |   283 |    12 ||   295
 Fire: Sling             |     3 |    69 |    29 |       ||   101
Throw: Javelin           |       |     2 |       |       ||     2
Invok: Convert to Beogh  |       |       |     1 |       ||     1
       Smiting           |       |       |     3 |       ||     3
Evoke: Wand              |       |       |    11 |       ||    11
  Use: Scroll            |       |     2 |     9 |       ||    11
       Potion            |       |     1 |     1 |     6 ||     8
 Stab: Sleeping          |     6 |       |       |       ||     6
Armor: Robe              |     5 |       |       |       ||     5
       Leather armour    |    38 |    22 |       |       ||    60
       Ring mail         |       |    17 |   107 |       ||   124
       Chain mail        |       |       |   131 |     6 ||   137
Dodge: Dodged            |   100 |    54 |   159 |     5 ||   318
Block: Buckler           |       |     1 |   104 |     5 ||   110

Table legend: (Time is in decaauts)
 A = Elapsed time spent in this place.
 B = Non-inter-level travel time spent in this place.
 C = Inter-level travel time spent in this place.
 D = Time resting spent in this place.
 E = Time spent auto-exploring this place.
 F = Levels seen in this place.
 G = Mean time per level.
                   A        B        C        D        E       F      G
               +--------+--------+--------+--------+--------+-----+--------+
         Total |   8422 |   7537 |    885 |   1867 |   3549 |   9 |  935.8 |
       Dungeon |   8385 |   7500 |    885 |   1867 |   3549 |   8 | 1048.1 |
        Temple |     36 |     36 |      0 |      0 |      0 |   1 |   36.0 |
               +--------+--------+--------+--------+--------+-----+--------+

Top non-repeatable levels by time:
     D:5: 2158 daAuts
     D:6: 1294 daAuts
     D:4: 1270 daAuts
     D:3: 975 daAuts
     D:1: 887 daAuts
     D:2: 884 daAuts
     D:7: 735 daAuts
     D:8: 180 daAuts
  Temple: 36 daAuts
